 Dungeon Crawl Stone Soup version 0.29-a0-409-gd843f3a48c (webtiles) character file.

Game seed: 641919939770134549

2 trckry the Caller (level 1, -1/9 HPs)
             Began as a Vine Stalker Summoner on May 13, 2022.
             Slain by a ball python (2 damage)
             ... on level 1 of the Dungeon.
             The game lasted 00:00:58 (187 turns).

trckry the Caller (Vine Stalker Summoner)            Turns: 187, Time: 00:00:59

Health: -1/9       AC:  2    Str: 10    XL:     1   Next: 40%
Magic:  0/4        EV: 12    Int: 15    God:
Gold:   24         SH:  0    Dex: 14    Spells: 3/4 levels left

rFire   . . .      SeeInvis .   (no weapon)
rCold   . . .      Faith    .   (no shield)
rNeg    . . .      Spirit   +   a - +0 robe
rPois   .          Reflect  .   (no helmet)
rElec   .          Harm     .   (no cloak)
rCorr   .          Rampage  .   (no gloves)
Will    .....                   (no boots)
Stlth   ++........              (no amulet)
HPRegen 0.03/turn               (no ring)
MPRegen 0.09/turn               (no ring)

@: no status effects
A: fangs 2, magic shield, antimagic bite, no potion heal 2
a: no special abilities


You were on level 1 of the Dungeon.
You visited 1 branch of the dungeon, and saw 1 of its levels.

You collected 24 gold pieces.

Inventory:

Armour
 a - a +0 robe (worn)
Scrolls
 c - a scroll of amnesia {unknown}
Potions
 b - a potion of magic


   Skills:
 - Level 1.5 Dodging
 - Level 2.4 Stealth
 + Level 2.2 Spellcasting
 * Level 4.1 Summonings


You had 3 spell levels left.
You knew the following spells:

 Your Spells              Type           Power      Damage    Failure   Level
a - Summon Small Mammal   Summ           56%        N/A       4%          1

Your spell library contained the following spells:

 Spells                   Type           Power      Damage    Failure   Level
 Call Imp                 Summ           14%        N/A       6%          2
 Call Canine Familiar     Summ           14%        N/A       12%         3
 Summon Guardian Golem    Hex/Summ       7%         N/A       28%         3
 Summon Lightning Spire   Summ/Air       7%         N/A       67%         4


Dungeon Overview and Level Annotations

Branches:
Dungeon (1/15)

Altars:


Innate Abilities, Weirdness & Mutations

You have extremely sharp teeth.
When hurt, damage is shared between your health and your magic reserves.
Your bite disrupts and absorbs the magic of your enemies.
Potions cannot restore your health.


Message History

Your quokka bites the jackal.
The jackal closely misses your quokka. The ball python bites your quokka.
The ball python barely misses your quokka.
Your quokka bites the jackal. x2
The jackal dies!
The jackal attacks as you move away! The jackal bites you.
The ball python closely misses your quokka. x2
The jackal closely misses you.
You take 1 damage, and have 4/9 hp.
You now have 0/4 mp.
The jackal bites you.
You take 1 damage, and have 3/9 hp.
You barely miss the jackal. The jackal bites you.
* * * LOW HITPOINT WARNING * * *
You take 2 damage, and have 1/9 hp.
MASSIVE DAMAGE!!
The jackal closely misses you.
You swap places.
The jackal attacks as you move away! The jackal barely misses you.
The jackal bites your quokka.
Your quokka dies!
Your quokka's corpse disappears in a puff of smoke!
Casting: Summon Small Mammal (safe; 4% risk of failure)
Confirm with . or Enter, or press ? or * to list all spells.
The jackal misses you.
You now have 0/4 mp.
You swap places.
The jackal barely misses your rat.
Your rat barely misses the jackal.
The jackal bites your rat.
Your rat misses the jackal.
The jackal bites your rat but does no damage.
Your rat bites the jackal.
The jackal misses your rat. The ball python closely misses you.
The ball python grabs you. The ball python constricts you.
Your rat bites the jackal.
You now have 0/4 mp.
You escape the ball python's grasp.
The jackal completely misses your rat.
Your rat misses the jackal. The jackal barely misses your rat.
Your rat bites the jackal but does no damage.
The jackal bites your rat.
The ball python attacks as you move away!
The ball python bites you.
You die...

### ###### ... #.. .#
#.##.##.# #..
#.....#.### #...
#........+ . #...#####
##.......##... #....[..#
#...h......... .........
#....S@.......
......#.###..###########
........hr...# ≈
.....#.##...# ≈.## # ...
#..#..># ...P ### #
##.....### #..##..
#.##....#### #.P'..
#.##.......### #.###.
#............## #. ##.


You could see a jackal and a ball python.

Vanquished Creatures (collateral kills)
  A jackal (D:1)
  A quokka (D:1)
2 creatures vanquished.

Notes
Turn   | Place    | Note
-------+----------+-------------------------------------------
     0 | D:1      | trckry the Vine Stalker Summoner began the quest for the
                  | Orb.
     0 | D:1      | Reached XP level 1. HP: 9/9 MP: 4/4
   171 | D:1      | HP: 1/9 [jackal (2)]
   187 | D:1      | Slain by a ball python

Illustrated notes

Levels and vault maps discovered:
D:1:      dpeg_cavernosity, layout_basic,
          dreamdust_ecumenical_altar_angels_and_demons

Action                   || total
-------------------------++-------
Melee: Unarmed           ||     1
 Cast: Summon Small Mamm ||     4
Armor: Robe              ||     2
Dodge: Dodged            ||     7

Table legend: (Time is in decaauts)
 A = Elapsed time spent in this place.
 B = Non-inter-level travel time spent in this place.
 C = Inter-level travel time spent in this place.
 D = Time resting spent in this place.
 E = Time spent auto-exploring this place.
 F = Levels seen in this place.
 G = Mean time per level.
                   A        B        C        D        E       F      G
               +--------+--------+--------+--------+--------+-----+--------+
         Total |    187 |    187 |      0 |      0 |     88 |   1 |  187.0 |
       Dungeon |    187 |    187 |      0 |      0 |     88 |   1 |  187.0 |
               +--------+--------+--------+--------+--------+-----+--------+

Top non-repeatable levels by time:
     D:1: 187 daAuts
